 Dungeon Crawl Stone Soup version 0.29.1-15-g9cfb28693d (webtiles) character file.

Game seed: 10252520826450163182

382 Ast3rio the Chopper (level 6, -1/53 HPs)
             Began as a Gnoll Cinder Acolyte on Mar 9, 2023.
             Was a High Priest of Ignis.
             Slain by an iguana (8 damage)
             ... on level 4 of the Dungeon.
             The game lasted 00:06:34 (3813 turns).

Ast3rio the Chopper (Gnoll Cinder Acolyte)          Turns: 3813, Time: 00:06:35

Health: -1/53      AC:  2    Str: 13    XL:     6   Next: 76%
Magic:  1/11       EV: 12    Int: 15    God:    Ignis [*****.]
Gold:   122        SH:  0    Dex:  8    Spells: 10/12 levels left

rFire   + . .      SeeInvis .   a - -1 hand axe (flame)
rCold   . . .      Faith    .   (no shield)
rNeg    . . .      Spirit   .   b - +0 robe
rPois   .          Reflect  .   (no helmet)
rElec   .          Harm     .   (no cloak)
rCorr   .          Rampage  .   (no gloves)
Will    .....                   (no boots)
Stlth   ++........              (no amulet)
HPRegen 0.17/turn               (no ring)
MPRegen 0.12/turn               (no ring)

@: no status effects
A: fangs 1, strong nose, distributed training
a: Renounce Religion, Fiery Armour, Foxfire Swarm, Rising Flame


You were on level 4 of the Dungeon.
You worshipped Ignis.
Ignis was extremely pleased with you.
You visited 1 branch of the dungeon, and saw 4 of its levels.

You collected 122 gold pieces.

Inventory:

Hand Weapons
 a - a -1 hand axe of flaming (weapon)
Armour
 b - a +0 robe (worn)
 k - a +0 plate armour
Jewellery
 q - a ring of see invisible
Wands
 n - a wand of quicksilver (5)
Scrolls
 g - 4 scrolls of identify {unknown}
 h - a scroll of enchant weapon {unknown}
 p - a scroll of brand weapon {unknown}
 r - a scroll of amnesia {unknown}
Potions
 c - a potion of haste {unknown}
 d - a potion of heal wounds {unknown}
 e - 2 potions of invisibility {unknown}
 f - a potion of berserk rage {unknown}
 i - a potion of curing {unknown}
 j - a potion of lignification {unknown}
 l - a potion of mutation {unknown}
 m - a potion of attraction {unknown}
 o - a potion of flight {unknown}


   Skills:
 + Level 6.9 Fighting
 + Level 2.2 Short Blades
 + Level 2.2 Long Blades
 + Level 6.9 Axes
 + Level 2.2 Maces & Flails
 + Level 2.2 Polearms
 + Level 2.2 Staves
 + Level 2.2 Ranged Weapons
 + Level 2.2 Throwing
 + Level 2.2 Armour
 + Level 2.2 Dodging
 + Level 2.2 Stealth
 + Level 2.2 Shields
 + Level 2.2 Unarmed Combat
 + Level 3.6 Spellcasting
 + Level 1.7 Conjurations
 + Level 1.7 Hexes
 + Level 1.7 Summonings
 + Level 1.7 Necromancy
 + Level 1.7 Translocations
 + Level 1.7 Transmutations
 + Level 5.7 Fire Magic
 + Level 1.7 Ice Magic
 + Level 1.7 Air Magic
 + Level 1.7 Earth Magic
 + Level 1.7 Poison Magic
 + Level 2.4 Invocations
 + Level 2.2 Evocations


You had 10 spell levels left.
You knew the following spells:

 Your Spells              Type           Power      Damage    Failure   Level
a - Scorch                Fire           38%        2d7       2%          2

Your spell library contained the following spells:

 Spells                   Type           Power      Damage    Failure   Level
 Apportation              Tloc           16%        N/A       9%          1
 Necrotise                Necr           32%        1d5       9%          1
 Summon Small Mammal      Summ           32%        N/A       9%          1


Dungeon Overview and Level Annotations

Branches:
Dungeon (4/15)
 Temple: D:4-7

Altars:


Innate Abilities, Weirdness & Mutations

You have very sharp teeth.
Your uncanny sense of smell can sniff out nearby items.
Your experience applies equally to all skills.


Message History

You completely miss the quokka.
The quokka twitches its whiskers.
The quokka bites you.
You hit the quokka but do no damage. The quokka closely misses you.
You barely miss the quokka. The quokka closely misses you.
You closely miss the quokka. The quokka barely misses you.
The iguana hisses angrily.
You hit the quokka but do no damage. The quokka completely misses you. x2
Casting: Scorch (safe; 2% risk of failure)
Confirm with . or Enter, or press ? or * to list all spells.
Flames lash the quokka.
You kill the quokka!
Items here: ) †††.
You see here a hobgoblin corpse.
Casting: Scorch (safe; 2% risk of failure)
Confirm with . or Enter, or press ? or * to list all spells.
Flames lash the iguana.
The iguana is lightly wounded.
The iguana's fire resistance burns away.
The iguana bites you!
* * * LOW HITPOINT WARNING * * *
The iguana barely misses you.
You closely miss the iguana.
The iguana is lightly wounded.
The iguana is no longer more vulnerable to fire.
The iguana barely misses you.
You barely miss the iguana.
The iguana is lightly wounded.
The iguana barely misses you.
You hit the iguana but do no damage.
The iguana is lightly wounded.
The iguana bites you.
* * * LOW HITPOINT WARNING * * *
You hit the iguana. You burn the iguana.
The iguana is moderately wounded.
The iguana barely misses you.
You hit the iguana but do no damage. You bite the iguana, but do no damage.
The iguana is moderately wounded.
The iguana bites you!
You die...

#.. ..........##.
...#........# .
#.#.......# $#
#......!..##. ∆
###.......# .. ...
#.<..##.## # .
....##.....#..#.#..l
...........l##...#
.#........†@..#
$.##............#
........##......#
.........####......
##.......# ######
........## .....#...
...#####. #.. .


You could see an iguana.

Vanquished Creatures
  Grinder (D:3)
  A scorpion (D:4)
  Robin (D:3)
  5 adders
  A worm (D:2)
  A dart slug (D:1)
  9 endoplasms
  2 giant cockroaches
  5 hobgoblins
  11 jackals
  A quokka (D:4)
  6 ball pythons
  3 bats (D:1)
  3 frilled lizards
  10 goblins
  6 kobolds
  6 rats
72 creatures vanquished.

Notes
Turn   | Place    | Note
-------+----------+-------------------------------------------
     0 | D:1      | Ast3rio the Gnoll Cinder Acolyte began the quest for the
                  | Orb.
     0 | D:1      | Reached XP level 1. HP: 23/23 MP: 4/4
   355 | D:1      | Reached XP level 2. HP: 22/29 MP: 5/5
  1025 | D:1      | Found a faded altar of an unknown god.
  1071 | D:1      | Reached XP level 3. HP: 35/35 MP: 7/7
  1179 | D:1      | Learned a level 2 spell: Scorch
  1498 | D:2      | Reached skill level 1 in Invocations
  1504 | D:2      | HP: 1/35 [worm (10)]
  2077 | D:2      | Reached skill level 1 in Short Blades
  2077 | D:2      | Reached skill level 1 in Long Blades
  2077 | D:2      | Reached skill level 1 in Maces & Flails
  2077 | D:2      | Reached skill level 1 in Polearms
  2077 | D:2      | Reached skill level 1 in Staves
  2077 | D:2      | Reached skill level 1 in Ranged Weapons
  2077 | D:2      | Reached skill level 1 in Throwing
  2077 | D:2      | Reached skill level 1 in Armour
  2077 | D:2      | Reached skill level 1 in Dodging
  2077 | D:2      | Reached skill level 1 in Stealth
  2077 | D:2      | Reached skill level 1 in Shields
  2077 | D:2      | Reached skill level 1 in Unarmed Combat
  2077 | D:2      | Reached skill level 1 in Evocations
  2209 | D:2      | Reached XP level 4. HP: 41/41 MP: 8/8
  2591 | D:3      | Noticed Grinder
  2596 | D:3      | Paralysed by Grinder for 3 turns
  2600 | D:3      | Killed Grinder
  2601 | D:3      | Reached skill level 1 in Conjurations
  2601 | D:3      | Reached skill level 1 in Hexes
  2601 | D:3      | Reached skill level 1 in Summonings
  2601 | D:3      | Reached skill level 1 in Necromancy
  2601 | D:3      | Reached skill level 1 in Translocations
  2601 | D:3      | Reached skill level 1 in Transmutations
  2601 | D:3      | Reached skill level 1 in Ice Magic
  2601 | D:3      | Reached skill level 1 in Air Magic
  2601 | D:3      | Reached skill level 1 in Earth Magic
  2601 | D:3      | Reached skill level 1 in Poison Magic
  2601 | D:3      | Reached XP level 5. HP: 40/47 MP: 0/10
  2601 | D:3      | Reached XP level 6. HP: 45/53 MP: 0/11
  3045 | D:3      | Noticed Robin
  3056 | D:3      | Killed Robin
  3813 | D:4      | Slain by an iguana

Illustrated notes

Levels and vault maps discovered:
D:1:      ncdulo_lavacross, layout_basic, basic_ecumenical_altar
D:2:      layout_basic
D:3:      layout_loops_ring, uniq_grinder, uniq_robin
D:4:      layout_cave_pools, minmay_pentomino_pile

Skill      XL: |  1  2  3  4 |
---------------+-------------+-----
Invocations    | 1 2 |  2.4
Short Blades   | 1 2 |  2.2
Long Blades    | 1 2 |  2.2
Maces & Flails | 1 2 |  2.2
Polearms       | 1 2 |  2.2
Staves         | 1 2 |  2.2
Ranged Weapons | 1 2 |  2.2
Throwing       | 1 2 |  2.2
Armour         | 1 2 |  2.2
Dodging        | 1 2 |  2.2
Stealth        | 1 2 |  2.2
Shields        | 1 2 |  2.2
Unarmed Combat | 1 2 |  2.2
Evocations     | 1 2 |  2.2
Spellcasting   | 3 |  3.6
Conjurations   | 1 |  1.7
Hexes          | 1 |  1.7
Summonings     | 1 |  1.7
Necromancy     | 1 |  1.7
Translocations | 1 |  1.7
Transmutations | 1 |  1.7
Ice Magic      | 1 |  1.7
Air Magic      | 1 |  1.7
Earth Magic    | 1 |  1.7
Poison Magic   | 1 |  1.7
Fighting       | |  6.9
Axes           | |  6.9
Fire Magic     | |  5.7

Action                   |  1- 3 |  4- 6 || total
-------------------------+-------+-------++-------
Melee: Hand axe          |   108 |    43 ||   151
       Bite              |    14 |     1 ||    15
       Punch             |     1 |       ||     1
 Cast: Scorch            |       |    27 ||    27
Evoke: Wand              |     1 |       ||     1
 Stab: Sleeping          |     3 |       ||     3
Armor: Robe              |    16 |     3 ||    19
       Plate armour      |    14 |     8 ||    22
Dodge: Dodged            |    72 |    33 ||   105
